 Dungeon Crawl Stone Soup version 0.21-a0-421-gfc1ce30 (webtiles) character file.

1171 varam the Carver (level 8, -5/60 HPs)
             Began as a Vampire Gladiator on Nov 4, 2017.
             Was a Believer of Okawaru.
             Slain by Joseph
             ... wielding a +0 quarterstaff
              (12 damage)
             ... on level 8 of the Dungeon.
             The game lasted 00:29:44 (6551 turns).

varam the Carver (Vampire Gladiator)                Turns: 6551, Time: 00:29:45

Health: -5/60      AC:  7    Str: 16    XL:     8   Next: 18%
Magic:  4/8        EV: 19    Int: 12    God:    Okawaru [**....]
Gold:   367        SH:  0    Dex: 16    Spells: 6/7 levels left

rFire    . . .     SeeInvis +   a - +0 long sword
rCold    + . .     Gourm    .   (no shield)
rNeg     + + .     Faith    .   F - +0 leather armour (curse)
rPois    +         Spirit   .   c - +0 helmet
rElec    .         Reflect  .   C - +0 cloak
rCorr    .         Harm     .   Q - +0 pair of gloves
MR       .....                  o - +0 pair of boots {Fly}
Stlth    +++.......             (no amulet)
HPRegen  0.10/turn              h - +3 ring of strength
MPRegen  0.11/turn              E - +4 ring of evasion

@: confusing touch, flying, regenerating slowly, hasted, very quick
A: fangs 3, see invisible, unbreathing
a: Bat Form, Heroism, Renounce Religion, Stop Flying


You were on level 8 of the Dungeon.
You worshipped Okawaru.
Okawaru was pleased with you.
You were thirsty.

You visited 1 branch of the dungeon, and saw 8 of its levels.

You collected 367 gold pieces.

Inventory:

Hand Weapons
 a - a +0 long sword (weapon)
 u - a cursed +0 trident
 O - a +2 whip of venom
Missiles
 d - 3 throwing nets
 m - 160 stones
 y - 4 tomahawks
 B - 6 javelins (quivered)
Armour
 c - a +0 helmet (worn)
 i - a +0 helmet
 o - a +0 pair of boots of flying (worn)
 C - a +0 cloak (worn)
 F - a cursed +0 leather armour (worn)
 Q - a +0 pair of gloves (worn)
Jewellery
 h - a +3 ring of strength (left hand)
 E - a +4 ring of evasion (right hand)
 G - an uncursed ring of see invisible
Wands
 H - a wand of acid (10/15)
Scrolls
 j - 2 scrolls of random uselessness {unknown}
 k - a scroll of fear {unknown}
 n - 2 scrolls of remove curse {unknown}
 p - 2 scrolls of immolation
 q - 2 scrolls of amnesia {unknown}
 r - 2 scrolls of teleportation {unknown}
 s - 3 scrolls of identify
 v - a scroll of blinking {unknown}
 D - a scroll of fog {unknown}
 I - a scroll of enchant armour {unknown}
 P - a scroll of recharging {unknown}
Potions
 b - a potion of degeneration {unknown}
 e - 4 potions of blood
 f - a potion of magic {unknown}
 g - a potion of resistance {unknown}
 l - 2 potions of brilliance {unknown}
 t - 2 potions of curing
 w - a potion of lignification {unknown}
 x - 3 potions of invisibility
 z - a potion of heal wounds {unknown}
 A - a potion of haste
 K - a potion of agility {unknown}
 L - 2 potions of ambrosia {unknown}
 N - a potion of mutation {unknown}
Books
 J - a book of Cantrips

   Spells                             Type                      Level
   a - Confusing Touch                Hexes                        1
   b - Animate Skeleton               Necromancy                   1
   c - Summon Small Mammal            Summoning                    1
   d - Apportation                    Translocation                1
 M - a book of Misfortune

   Spells                             Type                      Level
   a - Confusing Touch                Hexes                        1
   b - Confuse                        Hexes                        3
   c - Gell's Gravitas                Translocation                3
   d - Petrify                        Transmutation/Earth          4
   e - Metabolic Englaciation         Hexes/Ice                    5
   f - Yara's Violent Unravelling     Hexes/Transmutation          5


   Skills:
 - Level 3.9 Fighting
 * Level 8.1 Long Blades
 - Level 1.5 Throwing
 - Level 5.1 Dodging
 - Level 1.0 Stealth
 + Level 4.2 Hexes


You had 6 spell levels left.
You knew the following spells:

 Your Spells              Type           Power        Failure   Level  Hunger
a - Confusing Touch       Hex            ##....       8%          1    ##.....


Dungeon Overview and Level Annotations

Branches:
Dungeon (8/15)             Temple (0/1) D:4
   Lair: D:8-11

Altars:
Ashenzari
Fedhas
Gozag
Makhleb
Okawaru

Annotations:
D:8 Joseph


Innate Abilities, Weirdness & Mutations

You heal slowly.
You have razor-sharp teeth.
You have supernaturally acute eyesight. (SInv)
You can survive without breathing.


Message History

Joseph is heavily wounded.
You closely miss Joseph.
Joseph is heavily wounded.
Joseph hits you with a quarterstaff!
You hit Joseph.
Joseph is heavily wounded.
Joseph hits you with a quarterstaff.
You hit Joseph but do no damage.
Joseph is heavily wounded.
Joseph hits you with a quarterstaff!
* * * LOW HITPOINT WARNING * * *
You hit Joseph but do no damage.
Joseph is heavily wounded.
Joseph hits you but does no damage.
You feel yourself speed up. Joseph hits you with a quarterstaff.
* * * LOW HITPOINT WARNING * * *
You hit Joseph.
Joseph is heavily wounded.
Joseph hits you with a quarterstaff!
You die...

#.# #.# #.# #
#.# #. #.#
#.##.########
.#.#...........#
........#####.##
.......@# #.#
.......@# #.#
#........ #.#
.......... #.#
##.........##<#
#......(...P.#
#.##.###.PPPP#
#. #. ..P_P.#
##PP.P.#


You could see Joseph.

Vanquished Creatures
  2 sky beasts
  2 ogres
  A bullfrog (D:6)
  A scorpion (D:5)
  2 wights (D:7)
  A howler monkey (D:6)
  A crimson imp (D:6)
  A quasit (D:6)
  A bullfrog skeleton (D:5)
  Crazy Yiuf (D:5)
  2 hounds
  A centaur skeleton (D:7)
  3 iguanas
  4 worker ants
  A worker ant zombie (D:6)
  6 adders
  3 gnolls
  A shadow imp (D:7)
  An ooze (D:5)
  An adder zombie (D:5)
  A worm (D:4)
  2 dart slugs
  A leopard gecko (D:3)
  9 bats
  7 giant cockroaches
  10 goblins
  9 hobgoblins
  5 kobolds
  2 quokkas
  A ball python (D:4)
  5 frilled lizards
  A giant cockroach zombie (D:5)
  5 rats
94 creatures vanquished.

Notes
Turn   | Place    | Note
-------+----------+-------------------------------------------
     0 | D:1      | varam the Vampire Gladiator began the quest for the Orb.
     0 | D:1      | Reached XP level 1. HP: 16/16 MP: 1/1
   147 | D:1      | Reached skill level 2 in Fighting
   147 | D:1      | Reached XP level 2. HP: 22/22 MP: 2/2
  1042 | D:1      | HP: 2/22 [adder (1)]
  1044 | D:1      | Reached skill level 1 in Stealth
  1044 | D:1      | Reached XP level 3. HP: 2/27 MP: 3/3
  1324 | D:2      | Found an iron altar of Okawaru.
  1331 | D:2      | Became a worshipper of Warmaster Okawaru
  1482 | D:2      | Reached skill level 4 in Long Blades
  1515 | D:2      | Reached XP level 4. HP: 25/34 MP: 4/4
  2519 | D:3      | Reached skill level 4 in Dodging
  2711 | D:2      | Reached XP level 5. HP: 35/40 MP: 5/5
  2804 | D:4      | Reached skill level 3 in Fighting
  2954 | D:4      | Noticed an ogre
  2962 | D:5      | Entered Level 5 of the Dungeon
  2982 | D:5      | Noticed an ogre
  3000 | D:5      | Killed an ogre
  3000 | D:5      | Reached * piety under Okawaru
  3000 | D:5      | Reached skill level 5 in Long Blades
  3076 | D:5      | Reached XP level 6. HP: 33/47 MP: 6/6
  3091 | D:5      | Noticed a sky beast
  3365 | D:4      | Found a shattered altar of Ashenzari.
  3375 | D:4      | Found an opulent altar of Gozag.
  3407 | D:4      | Found a staircase to the Ecumenical Temple.
  4244 | D:5      | HP: 2/48 [sky beast (6)]
  4252 | D:5      | Killed a sky beast
  4252 | D:5      | Reached ** piety under Okawaru
  4252 | D:5      | Reached skill level 6 in Long Blades
  4252 | D:5      | Reached skill level 5 in Dodging
  4252 | D:5      | Reached XP level 7. HP: 3/53 MP: 7/7
  4828 | D:5      | Found a runed door.
  4832 | D:5      | Noticed Crazy Yiuf
  4837 | D:5      | Killed Crazy Yiuf
  4951 | D:5      | Learned a level 1 spell: Confusing Touch
  5203 | D:6      | Found a burning altar of Makhleb.
  5253 | D:6      | Reached skill level 1 in Hexes
  5336 | D:6      | Reached skill level 7 in Long Blades
  5336 | D:6      | Reached skill level 2 in Hexes
  5628 | D:6      | Reached skill level 3 in Hexes
  5822 | D:6      | Reached XP level 8. HP: 58/60 MP: 8/8
  6137 | D:8      | Found a blossoming altar of Fedhas.
  6164 | D:8      | Noticed Joseph
  6193 | D:7      | Reached skill level 4 in Hexes
  6214 | D:7      | Reached skill level 8 in Long Blades
  6551 | D:8      | Slain by Joseph

Vault maps used:
D:1:      matt_arrival_spirals
D:2:      okawaru_ov_weapons_minmay
D:4:      amethyst_overflow_temple_binary, minmay_temple_entry_glassed_door
D:5:      first_bread, eino_curves_04, uniq_crazy_yiuf_cottage
D:6:      bloody_makhleb
D:7:      serial_shops, shop
D:8:      grunt_temple_overflow_forces_of_nature, kennysheep_mini_moat,
          enter_bailey_3, uniq_psyche, uniq_joseph

Skill      XL: |  1  2  3  4  5  6  7  8 |
---------------+-------------------------+-----
Fighting       | 2 3 |  3.9
Stealth        | 1 |  1.0
Long Blades    | 4 5 6 7 8 |  8.1
Dodging        | 4 5 |  5.1
Hexes          | 3 4 |  4.2
Throwing       | |  1.5

Action                   |  1- 3 |  4- 6 |  7- 9 || total
-------------------------+-------+-------+-------++-------
Melee: Long sword        |    92 |   125 |   107 ||   324
       Bite              |     5 |    25 |    22 ||    52
       Unarmed           |       |     1 |       ||     1
       Whip              |       |       |    15 ||    15
Throw: Stone             |     1 |       |       ||     1
       Tomahawk          |       |    11 |       ||    11
       Throwing net      |       |     3 |       ||     3
       Javelin           |       |     1 |    20 ||    21
 Cast: Confusing Touch   |       |       |     5 ||     5
Invok: Heroism           |       |     1 |       ||     1
 Abil: End Transformatio |       |     1 |       ||     1
       Bat Form          |       |     1 |       ||     1
  Use: Potion            |     2 |     5 |     6 ||    13
       Scroll            |       |       |     4 ||     4
 Stab: Sleeping          |     1 |     6 |     1 ||     8
       Distracted        |       |     1 |       ||     1
  Eat: Corpse            |       |     1 |     1 ||     2
Armor: Leather armour    |    31 |    28 |    24 ||    83
Dodge: Dodged            |    89 |    92 |   115 ||   296
       Rpst.: Long sword |    26 |    19 |    23 ||    68

Table legend:
 A = Spawn XP
 B = Non-spawn XP
 C = Spawn XP percentage of total XP
 D = Spawn monster count
 E = Non-spawn monster count
 F = Spawn count percentage of total count
 G = Total turns spent on level
                    A         B        C        D         E        F      G
               +---------+---------+-------+---------+---------+-------+---------
         Total |       0 |    1674 |   0.0 |       0 |      94 |   0.0 |  6551
               +---------+---------+-------+---------+---------+-------+---------
           D:1 |       0 |      51 |   0.0 |       0 |      22 |   0.0 |  1551
           D:2 |       0 |      81 |   0.0 |       0 |      18 |   0.0 |   586
           D:3 |       0 |      81 |   0.0 |       0 |      17 |   0.0 |   656
           D:4 |       0 |     255 |   0.0 |       0 |      11 |   0.0 |  1704
           D:5 |       0 |     503 |   0.0 |       0 |      11 |   0.0 |   702
           D:6 |       0 |     488 |   0.0 |       0 |       9 |   0.0 |  1018
           D:7 |       0 |     180 |   0.0 |       0 |       5 |   0.0 |   264
           D:8 |       0 |      35 |   0.0 |       0 |       1 |   0.0 |    70
               +---------+---------+-------+---------+---------+-------+---------
